 Dungeon Crawl Stone Soup version 0.29-a0-824-gd827844252 (webtiles) character file.

Game seed: 15529488223167855623

121 Malachi the Shooter (level 5, -13/30 HPs)
             Began as a Gargoyle Hunter on July 9, 2022.
             Was a Follower of Qazlal.
             Killed by an exploding gnoll (26 damage)
             ... ignited by their inner flame
             ... on level 4 of the Dungeon.
             The game lasted 00:02:52 (2794 turns).

Malachi the Shooter (Gargoyle Hunter)               Turns: 2794, Time: 00:02:53

Health: -13/30     AC:  8    Str: 15    XL:     5   Next: 5%
Magic:  5/5        EV: 11    Int:  9    God:    Qazlal [*.....]
Gold:   128        SH:  2    Dex: 15    Spells: 4/4 levels left

rFire   . . .      SeeInvis .   a - +0 shortbow
rCold   . . .      Faith    .   (shield currently unavailable)
rNeg    + . .      Spirit   .   c - +0 leather armour
rPois   ∞          Reflect  .   (no helmet)
rElec   +          Harm     .   (no cloak)
rCorr   .          Rampage  .   p - +0 pair of gloves
Will    .....                   (no boots)
Stlth   +.........              (no amulet)
HPRegen 0.10/turn               (no ring)
MPRegen 0.09/turn               (no ring)

@: no status effects
A: sickness immunity, AC +4, negative energy resistance 1, electricity
resistance, torment resistance 1, petrification resistance
a: Renounce Religion


You were on level 4 of the Dungeon.
You worshipped Qazlal.
Qazlal was aware of your devotion.
You visited 1 branch of the dungeon, and saw 4 of its levels.

You collected 128 gold pieces.

Inventory:

Hand Weapons
 a - a +0 shortbow (weapon)
Armour
 c - a +0 leather armour (worn)
 p - a +0 pair of gloves (worn)
Jewellery
 l - a +6 ring of strength
Scrolls
 d - 4 scrolls of teleportation {unknown}
 g - a scroll of identify {unknown}
 h - 2 scrolls of vulnerability {unknown}
 j - a scroll of noise {unknown}
 k - a scroll of amnesia {unknown}
 m - a scroll of fear {unknown}
 o - a scroll of summoning {unknown}
 q - a scroll of poison {unknown}
 r - a scroll of brand weapon {unknown}
 s - a scroll of torment {unknown}
 t - a scroll of enchant armour {unknown}
 u - a scroll of silence {unknown}
Potions
 e - a potion of brilliance {unknown}
 f - 2 potions of curing {unknown}
 i - 2 potions of might {unknown}
 n - a potion of lignification {unknown}


   Skills:
 - Level 2.1 Fighting
 * Level 6.1 Ranged Weapons
 + Level 0.6 Armour
 - Level 1.5 Dodging
 - Level 1.1 Stealth


You had 4 spell levels left.
You didn't know any spells.
Your spell library contained the following spells:

 Spells                   Type           Power      Damage    Failure   Level
 Gell's Gravitas          Tloc           0%         N/A       83%         3
 Teleport Other           Tloc           0%         N/A       83%         3
 Dispersal                Tloc           0%         N/A       100%        6


Dungeon Overview and Level Annotations

Branches:
Dungeon (4/15)
 Temple: D:4-7

Altars:
Ashenzari
Dithmenos
Qazlal
Sif Muna


Innate Abilities, Weirdness & Mutations

You are immune to sickness and miasma.
Your stone body is resilient. (AC +4)
You are immune to poison.
You resist negative energy. (rN+)
You are resistant to electric shocks. (rElec)
You are resistant to unholy torment.
You are immune to petrification.


Message History

The gnoll hits you from afar with a +0 spear.
You block the gnoll's attack.
The gnoll bouda utters an invocation to its god.
The gnoll bouda is healed somewhat.
You are too injured to fight recklessly!
You are too injured to fight recklessly!
You are too injured to fight recklessly!
You are too injured to fight recklessly!
Unknown command.
You are too injured to fight recklessly!
You are too injured to fight recklessly!
You aren't carrying any items that you can evoke.
Really read the scroll of immolation? [Y]es or [N]o only, please.
Really read the scroll of immolation?
Okay, then.
Fire: a) +0 shortbow
Press: ? - help, Shift-Dir - straight line, f/p - gnoll bouda
Aim: a gnoll bouda, wielding a +0 whip and wearing a +0 leather armour (heavily wounded, 66% to hit)
Really read the scroll of immolation? [Y]es or [N]o only, please.
Really read the scroll of immolation?
Uppercase [Y]es or [N]o only, please.
Really read the scroll of immolation?
As you read the scroll of immolation, it crumbles to dust.
The creatures around you are filled with an inner flame!
The gnoll closely misses you. The gnoll barely misses you.
Fire: a) +0 shortbow
Press: ? - help, Q - select action Shift-Dir - straight line, f/p - gnoll bouda
Aim: a gnoll bouda, wielding a +0 whip and wearing a +0 leather armour (heavily wounded, inner flame, 66% to hit)
You shoot an arrow. The arrow hits the gnoll!
Flame seeps out of the gnoll.
The gnoll is heavily wounded.
The gnoll is engulfed in blazing flames.
Qazlal accepts your kill.
The gnoll explodes!
The fiery explosion engulfs the gnoll!!
Qazlal accepts your kill. The fiery explosion engulfs you!!
Ouch! That really hurt!
You die...

.# ......... .#
.##.. .... .# ..
#..# .## #.g### ..#
#. ##....# ..# ..
#.....# ..##.
#...g####
#....#####..#g§○§#
#...##.#....####@##
........#..#####..#
###.....#.........#
##...##.#....###..#
##.#...†.....###..#
#..##........###..#
.......####...#...#
####....# #...#...#
###.....# ##.._...#


You could see a gnoll bouda (inner flame) and a gnoll (swift).

Vanquished Creatures
  3 gnolls (D:4)
  4 adders (D:2)
  An ufetubus (D:4)
  A worm (D:4)
  A dart slug (D:4)
  5 orcs
  2 bats
  5 endoplasms
  3 giant cockroaches
  4 goblins
  6 hobgoblins
  9 kobolds
  4 quokkas
  3 ball pythons
  2 frilled lizards
  5 rats
58 creatures vanquished.

Vanquished Creatures (others)
  6 plants (D:1)
6 creatures vanquished.

Grand Total: 64 creatures vanquished

Notes
Turn   | Place    | Note
-------+----------+-------------------------------------------
     0 | D:1      | Malachi the Gargoyle Hunter began the quest for the Orb.
     0 | D:1      | Reached XP level 1. HP: 12/12 MP: 1/1
   168 | D:1      | Reached XP level 2. HP: 17/17 MP: 2/2
   817 | D:2      | Reached XP level 3. HP: 21/21 MP: 3/3
   980 | D:2      | Reached skill level 5 in Ranged Weapons
  1264 | D:2      | Reached XP level 4. HP: 26/26 MP: 4/4
  1678 | D:3      | Found a faded altar of an unknown god.
  1734 | D:3      | Prayed at the altar of an unknown god.
  1734 | D:3      | Became a worshipper of Qazlal Stormbringer
  1734 | D:3      | Reached * piety under Qazlal
  1839 | D:3      | Found a shimmering blue altar of Sif Muna.
  2050 | D:3      | Found a shadowy altar of Dithmenos.
  2149 | D:4      | Found a broken altar of Ashenzari.
  2426 | D:4      | Reached skill level 6 in Ranged Weapons
  2483 | D:4      | Reached XP level 5. HP: 30/30 MP: 5/5
  2794 | D:4      | Killed by an exploding gnoll... ignited by their inner
                  | flame

Illustrated notes

Levels and vault maps discovered:
D:1:      sevenhm_arrival_forest_fort_large_4, layout_basic,
          minmay_misc_feat_pillars, serial_bayou_lagoon_a
D:2:      layout_loops_corners
D:3:      layout_basic, mainiacjoe_overflow_brackets,
          mainiacjoe_overflow_chevrons,
          hellmonk_ecumenical_altar_pennies_from_heaven,
          minmay_misc_feat_columns
D:4:      layout_cave_pools, cheibrodos_ashenzari_chains

Skill      XL: |  1  2  3  4 |
---------------+-------------+-----
Ranged Weapons | 5 6 |  6.1
Fighting       | |  2.1
Armour         | |  0.6
Dodging        | |  1.5
Stealth        | |  1.1

Action                   |  1- 3 |  4- 6 || total
-------------------------+-------+-------++-------
 Fire: Shortbow          |    89 |    95 ||   184
  Use: Scroll            |       |     1 ||     1
Armor: Leather armour    |     8 |    14 ||    22
Dodge: Dodged            |    19 |    33 ||    52
Block: Other             |       |     7 ||     7

Table legend: (Time is in decaauts)
 A = Elapsed time spent in this place.
 B = Non-inter-level travel time spent in this place.
 C = Inter-level travel time spent in this place.
 D = Time resting spent in this place.
 E = Time spent auto-exploring this place.
 F = Levels seen in this place.
 G = Mean time per level.
                   A        B        C        D        E       F      G
               +--------+--------+--------+--------+--------+-----+--------+
         Total |   2873 |   2789 |     84 |    249 |   2099 |   4 |  718.2 |
       Dungeon |   2873 |   2789 |     84 |    249 |   2099 |   4 |  718.2 |
               +--------+--------+--------+--------+--------+-----+--------+

Top non-repeatable levels by time:
     D:2: 939 daAuts
     D:3: 784 daAuts
     D:1: 767 daAuts
     D:4: 383 daAuts
